Map: Neon Violet Square LE

Players

JJAKJI - Winner!

  • Race: Terran Terran
  • Spawn Location: 5:00

PtitDrogo

  • Race: Protoss Protoss
  • League: Master
  • Spawn Location: 11:00

Event: HomeStory Cup XVI

VOD

Have the link to the VOD?

Description

Time

  • Played on: Nov. 9, 2017, 5:16 p.m.
  • Length: 8:03

All games in this series

Show
View Real Time Build Order
Export as new Build Order

JJAKJI Terran - Winner!

Build Orders: Command Center First (CC), MMM Bio 

Get SALT Encoding   

  12  0:00  SCV  
  13  0:12  SCV  
  14  0:18  Supply Depot  
  14  0:24  SCV  
  15  0:40  SCV  
  16  0:52  SCV  
  17  1:01  Command Center  
  17  1:05  SCV  
  18  1:15  Barracks  
  18  1:19  SCV  
  19  1:31  SCV  
  20  1:33  Barracks  
  20  1:43  SCV  
  20  1:46  Barracks  
  21  1:55  SCV  
  22  2:02  Marine  
  23  2:08  Orbital Command  
  23  2:13  Orbital Command  
  23  2:19  Marine  
  23  2:20  Marine  
  23  2:22  Refinery  
  25  2:26  Refinery  
  25  2:33  Marine  
  25  2:34  SCV  
  27  2:37  Marine  
  27  2:38  Marine  
  27  2:39  SCV  
  30  2:46  Engineering Bay  
  30  2:48  SCV  
  31  2:51  SCV  
  31  2:53  Barracks Tech Lab  
  31  2:55  Marine  
  31  2:56  Marine  
  34  3:02  Supply Depot  
  35  3:05  SCV x2  
  36  3:13  Stimpack  
  36  3:15  Missile Turret  
  36  3:17  SCV  
  36  3:18  SCV  
  38  3:23  Marine x2  
  38  3:24  Marine  
  41  3:29  Supply Depot  
  41  3:31  SCV  
  41  3:34  SCV  
  43  3:40  Factory  
  43  3:43  Marine  
  43  3:44  Barracks Reactor  
  43  3:46  SCV  
  44  3:48  Barracks Reactor  
  44  3:49  SCV  
  44  3:54  Missile Turret  
  45  3:58  SCV  
  45  4:01  SCV, Marine  
  48  4:08  Terran Infantry Weapons Level 1  
  48  4:09  Supply Depot  
  48  4:12  Refinery  
  48  4:13  SCV x2  
  50  4:18  Marine  
  51  4:25  SCV x2  
  51  4:29  Starport  
  53  4:32  Supply Depot  
  53  4:33  Marine x4  
  53  4:35  Factory Reactor  
  53  4:36  Marine  
  53  4:37  SCV  
  59  4:41  SCV  
  60  4:50  Marine  
  60  4:51  Marine  
  62  4:53  Marine x2  
  62  4:55  SCV x2  
  62  4:59  Supply Depot  
  66  5:01  Supply Depot  
  66  5:02  Marine  
  67  5:07  SCV x2  
  67  5:08  Marine  
  67  5:13  Combat Shields  
  70  5:14  Supply Depot  
  70  5:20  Marine x2  
  70  5:21  Medivac x2, Marine x2  
  76  5:23  SCV  
  76  5:24  SCV  
  76  5:26  Marine  
  81  5:31  Widow Mine  
  83  5:36  SCV x2  
  83  5:38  Supply Depot, Marine x2  
  83  5:39  Marine x2  
  89  5:48  SCV x2  
  91  5:54  Command Center  
  91  5:57  Supply Depot  
  91  5:59  Marine x3  
  91  6:00  SCV x2, Marine  
  97  6:08  Marauder  
  98  6:12  Medivac x2  
  102  6:19  Marine x2  
  103  6:29  Marauder  
  103  6:30  Factory Reactor  
  103  6:32  SCV x2  
  101  6:33  Barracks  
  101  6:35  Barracks  
  101  6:43  Refinery  
  101  6:44  SCV x2  
  103  6:47  Concussive Shells, Marine x2  
  103  6:48  Marine  
  103  6:51  Marauder  
  108  6:58  SCV x2  
  108  6:59  Supply Depot, Armory  
  108  7:00  Supply Depot  
  110  7:04  Engineering Bay  
  110  7:05  Medivac x2  
  114  7:14  Marauder, Marine x3  
  119  7:20  Widow Mine x2  
  119  7:22  Barracks Tech Lab x2  
  122  7:23  SCV x2  
  122  7:25  Missile Turret  
  122  7:26  Orbital Command  
  123  7:30  Marine  
  123  7:32  Marine x3  
  123  7:35  Marauder  
Show
View Real Time Build Order
Export as new Build Order

PtitDrogo Protoss 

Build Orders: 1 Gate Expand, Oracle Opening 

Get SALT Encoding   

  12  0:02  Probe (Chrono Boost)  
  14  0:14  Probe (Chrono Boost)  
  14  0:19  Pylon  
  14  0:26  Probe (Chrono Boost)  
  15  0:37  Assimilator  
  15  0:39  Probe (Chrono Boost)  
  16  0:44  Gateway  
  16  0:45  Probe (Chrono Boost)  
  17  0:54  Probe (Chrono Boost)  
  18  1:06  Probe (Chrono Boost)  
  20  1:20  Probe (Chrono Boost)  
  20  1:26  Nexus  
  20  1:32  Probe (Chrono Boost)  
  21  1:36  Cybernetics Core  
  21  1:42  Assimilator  
  21  1:46  Probe (Chrono Boost)  
  22  1:54  Pylon  
  22  1:58  Probe (Chrono Boost)  
  23  2:03  Adept  
  23  2:14  Probe (Chrono Boost)  
  26  2:16  Stargate  
  26  2:20  Warp Gate  
  26  2:26  Probe (Chrono Boost)  
  27  2:30  Adept  
  27  2:37  Probe (Chrono Boost)  
  30  2:38  Probe (Chrono Boost)  
  30  2:43  Probe (Chrono Boost)  
  30  2:44  Probe (Chrono Boost)  
  33  2:52  Probe (Chrono Boost)  
  33  2:54  Oracle, Probe (Chrono Boost)  
  33  2:57  Adept  
  37  3:04  Probe (Chrono Boost)  
  42  3:06  Probe (Chrono Boost)  
  42  3:17  Probe (Chrono Boost)  
  42  3:18  Probe (Chrono Boost)  
  44  3:23  Pylon  
  44  3:29  Probe (Chrono Boost)  
  44  3:30  Probe (Chrono Boost)  
  46  3:34  Nexus  
  46  3:37  Pylon  
  47  3:43  Probe (Chrono Boost)  
  47  3:46  Probe (Chrono Boost)  
  47  3:47  Oracle  
  51  3:54  Gateway  
  51  4:00  Gateway  
  51  4:01  Probe (Chrono Boost)  
  52  4:05  Probe (Chrono Boost)  
  52  4:08  Assimilator, Probe (Chrono Boost)  
  52  4:09  Assimilator  
  53  4:11  Shield Battery  
  53  4:16  Probe (Chrono Boost)  
  54  4:19  Probe (Chrono Boost)  
  54  4:20  Shield Battery  
  56  4:28  Probe (Chrono Boost)  
  56  4:30  Sentry  
  60  4:31  Probe (Chrono Boost)  
  60  4:37  Twilight Council  
  60  4:38  Forge  
  60  4:40  Probe (Chrono Boost)  
  60  4:44  Probe (Chrono Boost), Pylon  
  62  4:49  Pylon  
  62  4:50  Probe (Chrono Boost)  
  62  4:51  Blink  
  62  4:52  Probe (Chrono Boost)  
  64  4:54  Protoss Ground Weapons Level 1  
  64  4:56  Probe (Chrono Boost)  
  64  4:57  Sentry  
  64  4:58  Sentry  
  69  5:00  Sentry  
  69  5:02  Probe (Chrono Boost)  
  69  5:04  Gateway, Probe (Chrono Boost)  
  74  5:08  Gateway, Probe (Chrono Boost)  
  74  5:12  Gateway  
  75  5:14  Probe (Chrono Boost)  
  75  5:15  Pylon  
  75  5:17  Probe (Chrono Boost)  
  76  5:25  Stalker  
  76  5:27  Stalker  
  80  5:30  Stalker  
  80  5:34  Probe (Chrono Boost)  
  83  5:37  Shield Battery  
  83  5:40  Shield Battery  
  83  5:42  Pylon  
  85  5:43  Probe x2 (Chrono Boost)  
  85  5:49  Stalker  
  87  5:52  Stalker  
  87  5:54  Stalker  
  91  5:59  Pylon  
  91  6:00  Probe x2 (Chrono Boost)  
  91  6:03  Pylon x2  
  93  6:05  Stalker  
  93  6:06  Stalker  
  97  6:16  Photon Cannon  
  97  6:22  Stalker x4  
  101  6:29  Stalker x2  
  97  6:38  Shield Battery  
  97  6:42  Probe (Chrono Boost)  
  97  6:43  Robotics Facility  
  97  6:45  Adept x3  
  97  6:46  Adept  
  106  6:49  Photon Cannon  
  106  6:50  Pylon  
  106  6:54  Adept x2  
  106  7:01  Probe x2 (Chrono Boost)  
  112  7:14  Adept x4  
  119  7:21  Adept x2  
  124  7:24  Probe (Chrono Boost)  
  124  7:25  Pylon  
  124  7:27  Assimilator x2  
  126  7:37  Pylon  
  126  7:38  Pylon  
  126  7:43  Stalker  
  126  7:44  Stalker x4  
  130  7:48  Adept  
Tags
 
Add a new tag
Caveats
  • Supply blocks, unpowered buildings, or Contaminate may cause inaccurate times.
  • Supply counts are checked every 10 seconds.